 Dungeon Crawl Stone Soup version 0.29.1-13-g9f3cf754e1 (webtiles) character file.

Game seed: 11099036239456887944

32 Exodus22XD the Trooper (level 3, 0/33 HPs)
             Began as a Minotaur Fighter on Feb 4, 2023.
             Was a Follower of Zin.
             Slain by an orc
             ... wielding a +0 morningstar
              (6 damage)
             ... on level 3 of the Dungeon.
             The game lasted 00:00:49 (914 turns).

Exodus22XD the Trooper (Minotaur Fighter)            Turns: 914, Time: 00:00:50

Health: 0/33       AC:  7    Str: 22    XL:     3   Next: 8%
Magic:  2/2        EV:  9    Int:  5    God:    Zin [*.....]
Gold:   45         SH:  4    Dex:  9    Spells: 2/2 levels left

rFire   . . .      SeeInvis .   a - +0 war axe
rCold   . . .      Faith    .   c - +0 buckler
rNeg    . . .      Spirit   .   b - +0 scale mail
rPois   .          Reflect  .   (helmet restricted)
rElec   .          Harm     .   (no cloak)
rCorr   .          Rampage  .   (no gloves)
Will    .....                   (no boots)
Stlth   ..........              (no amulet)
HPRegen 0.11/turn               (no ring)
MPRegen 0.08/turn               (no ring)

@: no status effects
A: horns 2, retaliatory headbutt
a: Renounce Religion, Recite, Donate Gold


You were on level 3 of the Dungeon.
You worshipped Zin.
Zin was aware of your devotion.
You visited 1 branch of the dungeon, and saw 3 of its levels.

You collected 50 gold pieces.
You donated 5 gold pieces to Zin.

Inventory:

Hand Weapons
 a - a +0 war axe (weapon)
 l - a -2 spear
Armour
 b - a +0 scale mail (worn)
 c - a +0 buckler (worn)
 m - a +0 kite shield
Scrolls
 e - a scroll of amnesia {unknown}
 g - a scroll of enchant weapon {unknown}
 i - a scroll of identify {unknown}
 k - a scroll of teleportation {unknown}
Potions
 d - a potion of might
 f - 2 potions of ambrosia {unknown}
 h - 2 potions of heal wounds {unknown}
 j - a potion of attraction {unknown}


   Skills:
 + Level 4.1 Fighting
 + Level 2.9 Axes
 + Level 4.1 Armour
 + Level 4.0 Shields


You had 2 spell levels left.
You didn't know any spells.
Your spell library was empty.

Dungeon Overview and Level Annotations

Branches:
Dungeon (3/15)

Altars:
Zin


Innate Abilities, Weirdness & Mutations

You have a pair of horns on your head.
You reflexively headbutt those who attack you in melee.


Message History

No target in view!
Search for what [? for help]? alt
There is a faded altar of an unknown god here.
You see here a -2 spear.
l - a -2 spear You cannot tell which god this altar belongs to.
Convert to them anyway? [Y]es or [N]o only, please.
You cannot tell which god this altar belongs to.
Convert to them anyway?
Zin accepts your prayer! Zin welcomes you!
You pay a tithe of 5 gold.
You can now donate money to Zin.
You can now recite Zin's Axioms of Law.
There is a stone staircase leading down here.
You climb downwards.
Found a kite shield.
There is a stone staircase leading up here.
You see here a +0 kite shield.
m - a +0 kite shield An orc comes into view.
It is wielding a +0 morningstar.
The orc shouts!
You hit the orc but do no damage. You headbutt the orc, but do no damage.
The orc hits you with a +0 morningstar.
An orc is nearby!
You closely miss the orc. The orc hits you with a +0 morningstar!
An orc is nearby!
You closely miss the orc. Your headbutt misses the orc.
The orc hits you with a +0 morningstar. x2
You are too injured to fight recklessly!
An orc is nearby!
You are too injured to fight recklessly!
You are too injured to fight recklessly!
An orc is nearby!
You hit the orc.
The orc is almost dead.
The orc hits you with a +0 morningstar.
* * * LOW HITPOINT WARNING * * *
You completely miss the orc.
The orc is almost dead.
The orc hits you with a +0 morningstar.
You die...

### #..
#.# #.#
#.#
###.###
#....<#
#.@...#
##o##.#
#.#.###
#.# ..
#. #.#
# .# ##


You could see an orc.

Vanquished Creatures
  A dart slug (D:1)
  An endoplasm (D:1)
  A giant cockroach (D:1)
  2 goblins (D:1)
  3 hobgoblins
  6 jackals (D:1)
  3 ball pythons (D:1)
  5 bats
  A frilled lizard (D:1)
  3 kobolds
  A rat (D:1)
27 creatures vanquished.

Notes
Turn   | Place    | Note
-------+----------+-------------------------------------------
     0 | D:1      | Exodus22XD the Minotaur Fighter began the quest for the
                  | Orb.
     0 | D:1      | Reached XP level 1. HP: 19/19 MP: 0/0
   103 | D:1      | Reached XP level 2. HP: 24/27 MP: 1/1
   362 | D:1      | Reached XP level 3. HP: 29/33 MP: 2/2
   765 | D:2      | Found a faded altar of an unknown god.
   887 | D:2      | Prayed at the altar of an unknown god.
   887 | D:2      | Became a worshipper of Zin the Law-Giver
   887 | D:2      | Reached * piety under Zin
   914 | D:3      | Slain by an orc

Illustrated notes

Levels and vault maps discovered:
D:1:      dpeg_arrival_concentric_ovals, layout_basic, minmay_door_square
D:2:      layout_basic, ebering_ecumenical_altar_rust, kennysheep_pointless_box
D:3:      layout_basic, mainiacjoe_overflow_tiny_flanked, marbit_many_paths,
          chequers_jeans

Skill      XL: |  1  2 |
---------------+-------+-----
Fighting       | 4 |  4.1
Armour         | 4 |  4.1
Shields        | 4 |  4.0
Axes           | |  2.9

Action                   || total
-------------------------++-------
Melee: War axe           ||    46
       Headbutt          ||     8
Armor: Scale mail        ||    26
Dodge: Dodged            ||    15
Block: Buckler           ||    16
